Map: Shrines of Lizul

Players

craxx

  • Race: Terran Terran
  • Spawn Location: 3:00

RedEyeJedi

  • Race: Terran Terran
  • Spawn Location: 12:00

Metasapien

  • Race: Zerg Zerg
  • League: Platinum
  • Spawn Location: 9:00

Salazagarin

  • Race: Terran Terran
  • League: Platinum
  • Spawn Location: 6:00

VOD

Have the link to the VOD?

Description

Time

  • Played on: Sept. 18, 2017, 2:07 a.m.
  • Length: 13:28
Show
View Real Time Build Order
Export as new Build Order

craxx Terran 

Build Orders: Reaper Expand 

Get SALT Encoding   

  12  0:01  SCV  
  13  0:13  SCV  
  14  0:23  Supply Depot  
  14  0:25  SCV  
  15  0:45  SCV  
  15  0:47  Barracks  
  16  0:57  SCV  
  16  1:02  Barracks  
  17  1:07  Refinery  
  17  1:09  SCV  
  18  1:33  SCV  
  19  1:46  Orbital Command  
  19  1:56  Command Center  
  19  2:02  Marine, Reaper  
  19  2:08  Refinery  
  21  2:23  Marine  
  22  2:31  SCV  
  22  2:32  Factory  
  23  2:41  Supply Depot  
  23  3:02  Marine x2  
  25  3:19  Starport  
  25  3:20  Marine x2  
  27  3:38  Marine  
  27  3:40  Widow Mine  
  30  3:44  Supply Depot  
  30  3:50  Engineering Bay  
  31  3:58  Barracks Tech Lab  
  31  4:00  Barracks Reactor  
  30  4:04  Starport Tech Lab  
  30  4:07  Starport  
  30  4:08  Supply Depot  
  30  4:14  Widow Mine  
  30  4:16  SCV  
  33  4:22  Missile Turret  
  33  4:28  SCV  
  34  4:36  Marauder  
  36  4:40  SCV  
  36  4:42  Widow Mine  
  36  4:43  Supply Depot  
  39  4:46  Planetary Fortress  
  39  5:02  Starport Tech Lab  
  39  5:12  Marine  
  39  5:13  Marauder  
  42  5:26  Cloaking Field  
  42  5:30  SCV  
  42  5:32  Supply Depot  
  42  5:34  Factory Tech Lab  
  42  5:35  Marauder, Marine x2  
  46  5:42  SCV  
  47  5:54  SCV  
  50  5:57  Marauder  
  50  6:05  Banshee x2  
  50  6:06  SCV  
  57  6:18  SCV  
  58  6:27  Marine x3  
  58  6:45  Marine x3  
  60  6:48  Banshee  
  49  7:02  Marine  
  49  7:03  Marine x2  
  52  7:20  Marine  
  52  7:21  Marine  
  54  7:40  Marine  
  54  7:41  Marine x2  
  57  7:58  Marine x3  
  54  8:15  Missile Turret  
  54  8:16  Starport Reactor, Marine x3  
  54  8:17  Starport Reactor  
  57  8:33  Marine  
  58  8:34  Marine x2  
  58  8:49  Supply Depot  
  58  8:51  Marine  
  58  8:52  Marine x2  
  60  8:58  Viking  
  60  8:59  Viking x3  
  65  9:07  SCV  
  65  9:09  Marine  
  67  9:10  Marine x2  
  69  9:19  SCV  
  69  9:22  Refinery  
  70  9:27  Marine x2  
  70  9:28  Marauder, Viking  
  70  9:29  Refinery, Viking x2  
  70  9:31  SCV  
  81  9:32  Supply Depot  
  81  9:43  SCV  
  81  9:45  Siege Tank, Marine  
  86  9:54  Marauder  
  86  9:55  SCV  
  75  10:07  SCV  
  73  10:16  Marauder  
  73  10:19  Marine x2  
  77  10:30  Siege Tank  
  80  10:37  Marauder  
  79  10:59  Marauder  
  67  11:13  Viking  
  67  11:14  Viking  
  67  11:15  Viking  
  67  11:16  Siege Tank  
  67  11:18  Marine x2  
  70  11:20  Marauder  
  74  11:36  Marine x2  
  76  11:41  Marauder  
  78  11:50  Barracks  
  78  11:54  Barracks, Marine x2  
  80  12:03  Marauder  
  82  12:12  Marine  
  74  12:42  Viking  
  74  12:43  Viking x2  
  76  12:44  Viking  
  78  12:54  Command Center  
Show
View Real Time Build Order
Export as new Build Order

RedEyeJedi Terran 

Build Orders: Bio Tank 

Get SALT Encoding   

  12  0:02  SCV  
  13  0:15  SCV  
  14  0:24  Supply Depot  
  14  0:27  SCV  
  15  0:48  Barracks  
  15  0:58  SCV  
  15  1:01  Barracks  
  16  1:04  Refinery  
  16  1:10  SCV  
  17  1:21  Supply Depot  
  17  1:22  SCV  
  18  1:37  SCV  
  19  1:41  Refinery  
  19  1:57  Barracks Reactor  
  19  2:19  Orbital Command  
  19  2:22  Barracks Reactor  
  19  2:34  Factory  
  19  2:37  Marine  
  19  2:38  Marine  
  21  2:46  Supply Depot x2  
  21  2:49  SCV  
  22  2:55  Marine x2  
  24  3:03  Marine  
  24  3:04  Marine  
  26  3:13  Marine x2  
  26  3:19  Factory Tech Lab  
  28  3:21  Marine  
  28  3:24  Starport  
  29  3:33  Marine x3  
  32  3:39  Marine  
  33  3:51  Marine x2  
  33  3:52  Engineering Bay  
  35  3:58  Supply Depot  
  35  4:01  Siege Tank  
  38  4:06  Marine  
  39  4:30  Medivac x2  
  42  4:40  Siege Tank  
  42  4:43  Marine x2  
  47  4:48  SCV  
  47  4:50  Barracks Tech Lab  
  48  5:01  Medivac x2  
  52  5:11  Marine x2  
  54  5:28  Marine  
  51  6:05  Stimpack  
  51  6:07  Siege Tank  
  29  8:21  Marine x3  
  29  8:26  Siege Tank  
  35  8:28  Viking x2  
  39  8:39  Marine x3  
  42  8:43  Command Center  
  42  8:56  Marine  
  42  8:57  Marine x2  
  42  8:58  Siege Tank, Viking x2  
  42  8:59  Terran Infantry Weapons Level 1  
  52  9:08  Combat Shields  
  52  9:14  Marine x3  
  55  9:33  Supply Depot  
  55  9:34  Supply Depot  
  55  9:52  Viking  
  55  9:54  Siege Tank, Marine  
  55  10:21  Bunker  
  52  10:26  Siege Tank  
  51  10:58  Siege Tank  
  51  11:01  Marine  
  51  11:02  Marine x2  
  57  11:10  Missile Turret  
  57  11:19  Marine  
  57  11:20  Marine x2  
  60  11:30  Siege Tank  
  63  11:37  Marine x3  
  57  11:55  Marine x3  
  60  12:02  Medivac, Viking  
  64  12:13  Marine x3  
  67  12:30  Marine  
Show
View Real Time Build Order
Export as new Build Order

Metasapien Zerg 

Build Orders: Pool First 

Get SALT Encoding   

  12  0:19  Spawning Pool  
  11  0:26  Drone  
  12  0:29  Drone  
  12  0:34  Extractor  
  12  0:37  Drone  
  13  0:44  Overlord  
  13  0:52  Drone  
  14  1:03  Drone  
  15  1:10  Drone  
  16  1:32  Drone, Hatchery  
  16  1:46  Metabolic Boost  
  16  1:48  Drone  
  16  1:51  Zergling x2  
  18  2:02  Drone  
  18  2:04  Drone  
  20  2:17  Overlord  
  20  2:32  Hatchery  
  19  2:40  Queen  
  21  2:47  Drone  
  22  2:57  Zergling x4  
  24  3:00  Zergling x4  
  26  3:29  Drone x2  
  26  3:32  Spine Crawler  
  27  3:48  Queen  
  27  3:49  Drone x3  
  27  3:51  Extractor  
  27  3:52  Drone, Queen  
  34  4:07  Roach Warren  
  33  4:10  Zergling x2  
  33  4:11  Zergling x6  
  33  4:13  Drone x3  
  33  4:15  Drone  
  41  4:17  Drone  
  42  4:24  Overlord  
  42  4:38  Drone  
  42  4:39  Overlord x2  
  42  4:40  Overlord  
  42  4:44  Drone  
  42  4:45  Drone, Extractor  
  44  4:49  Roach x2  
  47  4:53  Drone  
  47  4:55  Drone x2  
  50  5:07  Spine Crawler  
  50  5:08  Drone x3  
  50  5:09  Drone  
  50  5:11  Roach x2  
  50  5:12  Roach  
  59  5:27  Roach x6  
  70  5:31  Zergling x2  
  70  5:32  Zergling x4  
  64  5:46  Roach x5  
  66  6:02  Zergling x2, Roach x3  
  66  6:03  Zergling x2  
  72  6:08  Ravager x2  
  73  6:17  Roach  
  73  6:18  Roach x2  
  64  6:31  Roach x2  
  64  6:33  Zergling x10  
  64  6:37  Queen  
  65  6:42  Drone  
  65  6:43  Roach  
  65  6:45  Zergling x12  
  64  7:02  Drone x2  
  66  7:10  Drone x3, Extractor  
  68  7:20  Spine Crawler  
  46  7:37  Drone, Roach  
  46  7:38  Roach x5  
  54  7:56  Zergling x6  
  50  8:08  Ravager x2  
  52  8:16  Spore Crawler  
  46  8:30  Drone x2  
  46  8:31  Drone  
  46  8:32  Drone  
  46  8:33  Drone x6  
  55  8:40  Spore Crawler  
  54  8:41  Queen  
  54  8:42  Zergling x2  
  54  8:43  Zergling x6  
  56  8:55  Spore Crawler  
  53  8:56  Drone x4  
  53  8:58  Queen  
  58  9:13  Drone x2  
  58  9:15  Drone x2, Hatchery  
  61  9:17  Queen, Extractor  
  61  9:18  Spore Crawler  
  61  9:22  Spore Crawler  
  61  9:23  Drone  
  61  9:24  Drone, Extractor  
  62  9:30  Drone  
  62  9:34  Queen  
  64  9:39  Lair  
  64  9:47  Roach x4  
  64  9:48  Roach  
  73  9:55  Overlord x3  
  55  10:10  Queen  
  46  10:22  Roach x4  
  46  10:23  Roach x5  
  46  10:26  Queen  
  46  10:28  Drone  
  58  10:36  Drone, Queen  
  58  10:45  Queen  
  58  10:47  Roach x6  
  66  10:55  Roach  
  66  10:59  Roach  
  66  11:01  Roach x4  
  72  11:24  Queen x2  
  70  11:40  Hydralisk Den  
  70  11:42  Drone x3, Extractor  
  70  11:44  Drone x3  
  72  11:55  Extractor  
  72  11:57  Extractor  
  68  12:22  Hydralisk  
  66  12:23  Hydralisk  
  66  12:24  Overlord  
  66  12:25  Overlord  
  64  12:41  Hatchery  
  61  12:44  Hydralisk x2  
  61  12:45  Roach, Hydralisk  
  61  12:50  Overlord x3, Extractor  
  61  12:51  Overlord x2  
  68  12:53  Extractor  
Show
View Real Time Build Order
Export as new Build Order

Salazagarin Terran 

Build Orders: Liberator Opening 

Get SALT Encoding   

  12  0:02  SCV  
  13  0:14  SCV  
  14  0:22  Supply Depot  
  14  0:26  SCV  
  15  0:44  SCV  
  15  0:49  Barracks  
  16  0:52  Refinery  
  16  0:55  Refinery  
  16  0:56  SCV  
  17  1:09  SCV  
  18  1:21  SCV  
  19  1:33  SCV  
  20  1:45  Factory, SCV  
  21  1:57  SCV  
  22  2:02  Supply Depot  
  22  2:05  Engineering Bay  
  22  2:09  SCV  
  23  2:17  Barracks Tech Lab  
  23  2:22  Barracks Reactor  
  23  2:24  SCV  
  24  2:33  Factory Reactor, Starport  
  24  2:36  SCV  
  25  2:41  Starport  
  25  2:46  Missile Turret  
  23  3:11  Planetary Fortress  
  18  3:46  Liberator  
  18  3:55  SCV  
  19  4:07  SCV  
  23  4:19  SCV  
  24  4:31  SCV  
  25  4:39  Command Center x2  
  25  4:41  Liberator  
  25  4:56  Liberator  
  25  4:57  Fusion Core  
  31  5:21  Supply Depot  
  31  5:33  Factory Tech Lab  
  31  5:50  Liberator  
  28  6:05  Siege Tank  
  34  6:38  Planetary Fortress  
  34  7:04  Planetary Fortress  
  34  7:15  Refinery  
  27  7:38  Starport  
  27  7:46  Missile Turret, SCV  
  27  7:48  SCV  
  29  7:58  Liberator  
  29  8:17  SCV x2  
  34  8:30  Starport Tech Lab, Missile Turret  
  34  8:33  Missile Turret  
  34  8:36  Missile Turret  
  34  8:37  Missile Turret  
  35  8:41  SCV  
  35  8:43  Missile Turret  
  35  8:45  Missile Turret  
  35  8:46  Missile Turret  
  35  8:51  Missile Turret  
  35  8:53  SCV  
  35  8:55  Refinery  
  36  9:05  SCV  
  36  9:09  SCV  
  38  9:17  SCV  
  38  9:21  SCV  
  40  9:29  SCV  
  44  9:33  Raven, SCV  
  44  9:37  Refinery  
  44  9:39  Refinery  
  44  9:42  SCV  
  44  9:45  SCV  
  46  9:54  SCV  
  46  9:57  SCV  
  45  10:06  SCV  
  40  10:09  SCV  
  38  10:16  Raven  
  38  10:18  SCV  
  41  10:21  SCV  
  42  10:30  Viking x2  
  42  10:31  Viking  
  42  10:32  Viking  
  42  10:33  SCV  
  51  10:46  SCV  
  52  10:54  Starport  
  52  10:58  SCV  
  52  11:01  Starport  
  53  11:08  Raven  
  53  11:10  SCV  
  56  11:36  Starport Tech Lab x2  
  56  11:46  Viking x2  
  58  11:52  Raven  
  60  11:54  Liberator  
  60  11:55  SCV  
  61  12:05  Raven x2  
  61  12:07  SCV  
  69  12:20  Supply Depot  
  69  12:22  Supply Depot x2  
  69  12:23  Supply Depot  
  69  12:24  Liberator, Supply Depot  
  69  12:35  Command Center  
  69  12:42  Raven, SCV  
  75  12:44  Starport  
  75  12:45  Supply Depot  
  75  12:46  Supply Depot  
  83  12:54  SCV  
  84  13:06  SCV  
Tags
 
Add a new tag
Caveats
  • Supply blocks, unpowered buildings, or Contaminate may cause inaccurate times.
  • Supply counts are checked every 10 seconds.